 Dungeon Crawl Stone Soup version 0.29-a0-106-g0a07039d5a (webtiles) character file.

Game seed: 7454017137455136754

129 kae the Insei (level 4, -1/36 HPs)
             Began as a Draconian Transmuter on Feb 16, 2022.
             Slain by Sigmund (12 damage)
             ... on level 3 of the Dungeon.
             The game lasted 00:01:22 (2629 turns).

kae the Insei (Draconian Transmuter)                Turns: 2629, Time: 00:01:22

Health: -1/36      AC:  2    Str: 12    XL:     4   Next: 88%
Magic:  5/7        EV: 19    Int: 15    God:
Gold:   87         SH:  0    Dex: 17    Spells: 3/7 levels left

rFire   . . .      SeeInvis .     - Unarmed
rCold   . . .      Faith    .   (shield currently unavailable)
rNeg    . . .      Spirit   .   (armour unavailable)
rPois   x          Reflect  .   (helmet currently unavailable)
rElec   .          Harm     .   (cloak currently unavailable)
rCorr   .          Rampage  .   (gloves currently unavailable)
Will    .....                   (boots currently unavailable)
Stlth   ++........              (no amulet)
HPRegen 0.12/turn               (no ring)
MPRegen 0.10/turn               (no ring)

@: spider-form
A: venomous fangs, AC +5, tiny, unfitting armour, (cold-blooded)
a: End Transformation


You were on level 3 of the Dungeon.
You were a venomous arachnid creature.
You visited 1 branch of the dungeon, and saw 3 of its levels.

You collected 87 gold pieces.

Inventory:

Jewellery
 j - a +6 ring of dexterity
Scrolls
 a - 3 scrolls of identify
 e - a scroll of fog {unknown}
 f - 2 scrolls of amnesia
 h - a scroll of teleportation
Potions
 b - a potion of brilliance
 c - a potion of berserk rage
 d - a potion of might
 g - a potion of attraction
 i - 2 potions of curing {unknown}


   Skills:
 + Level 1.7 Fighting
 + Level 2.3 Dodging
 * Level 3.8 Unarmed Combat
 + Level 2.4 Spellcasting
 * Level 3.1 Transmutations
 * Level 1.4 Poison Magic


You had 3 spell levels left.
You knew the following spells:

 Your Spells              Type           Power      Damage    Failure   Level
a - Beastly Appendage     Tmut           22%        N/A       17%         1
b - Spider Form           Tmut/Pois      8%         N/A       47%         3

Your spell library contained the following spells:

 Spells                   Type           Power      Damage    Failure   Level
 Wereblood                Tmut           11%        N/A       22%         2
 Foxfire                  Conj/Fire      4%         2x1d4     43%         1
 Ice Form                 Ice/Tmut       6%         N/A       88%         4


Dungeon Overview and Level Annotations

Branches:
Dungeon (3/15)

Altars:
Okawaru

Shops:
D:1 !

Annotations:
D:3 Sigmund


Innate Abilities, Weirdness & Mutations

You are a venomous arachnid creature.
You have poisonous fangs.
You are tiny and dextrous.
Your spellcasting is less reliable in this form.
Your armour is entirely melded.
You are incapable of wielding weapons or throwing items.
((Your plain brown scales are hard. (AC +5)))
You cannot fit into any form of body armour.
((You are cold-blooded and may be slowed by cold attacks.))


Message History

Sigmund is nearby!
Casting: Beastly Appendage (safe; 6% risk of failure)
Confirm with . or Enter, or press ? or * to list all spells.
The spell is quite dangerous to miscast (26% risk of failure)!
Continue anyway? [Y]es or [N]o only, please.
The spell is quite dangerous to miscast (26% risk of failure)!
Continue anyway?
You turn into a venomous arachnid creature.
Sigmund misses you.
Sigmund points at you and mumbles some strange words.
You are confused.
You are too confused!
You are too confused!
You are too confused!
You are too confused!
You are too confused!
You are too confused!
You bump into the crystal wall.
Sigmund closely misses you.
You hit Sigmund.
Sigmund is poisoned.
Sigmund is lightly wounded.
You are too confused!
You are too confused!
You bite Sigmund!
Sigmund looks as sick as possible!
Sigmund is heavily wounded.
Sigmund gestures wildly while chanting.
Sigmund flickers and vanishes!
Deactivating autopickup; reactivate with Ctrl-A.
You hear a zap.
A puff of flame appears from out of thin air!
The puff of flame hits you!
You bump into the crystal wall.
Something barely misses you.
You bump into the rock wall.
You feel less confused.
You hear some strange, mumbled words.
A puff of flame appears from out of thin air!
The puff of flame hits you!
You hear some strange, mumbled words.
A puff of flame appears from out of thin air!
The puff of flame hits you! Something hits you!
You die...

#### #.. # #.#
.## ####{#...###
#...s.._....
#.####...#.# #.#
.## #### ##.# ..
#..# #..# ## #..#
#..##### #####..#
#......#.#......#
#......#........#
#......# #......#


There were no monsters in sight!

Vanquished Creatures
  An adder (D:3)
  7 gnolls
  5 bats
  6 endoplasms
  6 giant cockroaches
  2 goblins
  7 hobgoblins
  2 quokkas
  5 ball pythons
  6 frilled lizards
  3 kobolds
  4 rats
54 creatures vanquished.

Vanquished Creatures (others)
  2 plants (D:2)
2 creatures vanquished.

Grand Total: 56 creatures vanquished

Notes
Turn   | Place    | Note
-------+----------+-------------------------------------------
     0 | D:1      | kae the Draconian Transmuter began the quest for the Orb.
     0 | D:1      | Reached XP level 1. HP: 16/16 MP: 3/3
   204 | D:1      | Reached XP level 2. HP: 23/23 MP: 5/5
   223 | D:1      | Found Fojen's Distillery.
  1111 | D:2      | Reached XP level 3. HP: 28/28 MP: 6/6
  1115 | D:2      | Learned a level 3 spell: Spider Form
  1667 | D:2      | Found a faded altar of an unknown god.
  1676 | D:2      | Got Plato's Catalogue of Conjuration
  1752 | D:2      | Reached XP level 4. HP: 28/35 MP: 7/7
  2003 | D:2      | Reached skill level 1 in Poison Magic
  2615 | D:3      | Found an iron altar of Okawaru.
  2618 | D:3      | Noticed Sigmund
  2629 | D:3      | Slain by Sigmund

Illustrated notes

Levels and vault maps discovered:
D:1:      wander_arrival_abandoned_jail, layout_basic, serial_shops, shop
D:2:      layout_loops_ring, shapermc_ecumenical_altar_rom_forum
D:3:      layout_basic, palyth_temple_overflow_mages,
          nicolae_overflow_crystal_walls, serial_shops,
          nicolae_shop_statue_plus, uniq_sigmund

Skill      XL: |  1  2  3  4 |
---------------+-------------+-----
Dodging        | 2 |  2.3
Poison Magic   | 1 |  1.4
Transmutations | 3 |  3.1
Fighting       | |  1.7
Unarmed Combat | |  3.8
Spellcasting   | |  2.4

Action                   |  1- 3 |  4- 6 || total
-------------------------+-------+-------++-------
Melee: Unarmed           |   130 |    39 ||   169
       Tailslap          |    14 |     5 ||    19
       Headbutt          |     8 |     4 ||    12
       Punch             |     3 |     2 ||     5
       Kick              |     6 |     7 ||    13
 Cast: Beastly Appendage |    19 |     9 ||    28
       Spider Form       |       |     1 ||     1
  Use: Scroll            |     6 |     4 ||    10
Armor: Skin              |    43 |     5 ||    48
Dodge: Dodged            |    90 |    38 ||   128

Table legend: (Time is in decaauts)
 A = Elapsed time spent in this place.
 B = Non-inter-level travel time spent in this place.
 C = Inter-level travel time spent in this place.
 D = Time resting spent in this place.
 E = Time spent auto-exploring this place.
 F = Levels seen in this place.
 G = Mean time per level.
                   A        B        C        D        E       F      G
               +--------+--------+--------+--------+--------+-----+--------+
         Total |   2624 |   2582 |     42 |    469 |   1689 |   3 |  874.7 |
       Dungeon |   2624 |   2582 |     42 |    469 |   1689 |   3 |  874.7 |
               +--------+--------+--------+--------+--------+-----+--------+

Top non-repeatable levels by time:
     D:2: 1294 daAuts
     D:1: 790 daAuts
     D:3: 539 daAuts
